 Dungeon Crawl Stone Soup version 0.21.1-1-g345015fe64 (webtiles) character file.

575459 RepoMan the Pyromancer (level 24, -2/152 HPs)
             Began as a Demigod Fire Elementalist on July 3, 2018.
             Killed from afar by a fire giant (12 damage)
             ... with a bolt of fire
             ... on level 5 of the Vaults on July 5, 2018.
             The game lasted 12:52:25 (107105 turns).

RepoMan the Pyromancer (DgFE)                     Turns: 107105, Time: 12:52:26

Health: -2/152     AC: 37    Str: 19      XL:     24   Next: 99%
Magic:  6/51       EV: 18    Int: 33      God:
Gold:   5947       SH: 14    Dex: 15 (16) Spells: 13/58 levels left

rFire    + . .     SeeInvis +   a - +6 spear of Change {flame, Int+6}
rCold    + + +     Gourm    .   m - +1 buckler {rC+ rF+}
rNeg     . . .     Faith    .   f - +9 ice dragon scales
rPois    +         Spirit   .   H - +2 helmet {SInv}
rElec    +         Reflect  +   F - +1 cloak of Starlight {rElec rC+ EV+4 Stlth--}
rCorr    +         Harm     .   r - +2 pair of gloves
MR       ++...                  q - +2 pair of boots
Stlth    ..........             u - brooch of Shielding {Reflect SH+8}
HPRegen  0.35/turn              n - ring of resist corrosion
MPRegen  0.32/turn              Q - ring of fire

@: heavily drained
A: deterioration 1, frail 2, high mp 1, poison resistance, no potion heal 1
}: 2/15 runes: decaying, serpentine
a: no special abilities


You were on level 5 of the Vaults.
You were not hungry.

You visited 10 branches of the dungeon, and saw 50 of its levels.
You visited the Abyss 2 times.
You visited 1 bazaar.
You also visited: Ice Cave and Wizlab.

You collected 7476 gold pieces.
You spent 1529 gold pieces at shops.

Inventory:

Hand Weapons
 a - the +6 spear of Change (weapon) {flame, Int+6}
   (You found it in an ice cave)

   It has been specially enchanted to burn those struck by it, causing extra
   injury to most foes and up to half again as much damage against particularly
   susceptible opponents.
   It affects your intelligence (+6).
Armour
 f - +9 ice dragon scales (worn)
 m - a +1 buckler of resistance (worn)
 q - a +2 pair of boots (worn)
 r - a +2 pair of gloves (worn)
 F - the +1 cloak of Starlight (worn) {rElec rC+ EV+4 Stlth--}
   (You found it in a wizard's laboratory)

   It affects your evasion (+4).
   It protects you from cold.
   It insulates you from electricity.
   It makes you much less stealthy.
 H - a +2 helmet of see invisible (worn)
 J - the +8 orange crystal plate armour {Archmagi, Int+3 Clar}
   (You took it off a vault guard on level 4 of the Vaults)

   It affects your intelligence (+3).
   It protects you against confusion.
Magical Staves
 b - an uncursed staff of wizardry
Jewellery
 d - an uncursed ring of flight
 n - a ring of resist corrosion (left hand)
 u - the brooch of Shielding (around neck) {Reflect SH+8}
   (You took it off a boggart in a wizard's laboratory)

   [amulet of reflection]

   It shields you and reflects attacks.
   It affects your SH (+8).
 v - an uncursed ring of protection from cold
 I - an uncursed ring of poison resistance
 K - an uncursed ring of protection from fire
 Q - a ring of fire (right hand)
Wands
 t - a wand of digging (3)
 B - a wand of acid (36)
 C - a wand of paralysis (48)
 R - a wand of enslavement (50)
 Y - a wand of iceblast (4)
Scrolls
 i - 14 scrolls of identify
 p - a scroll of teleportation
 s - 25 scrolls of remove curse
 x - a scroll of magic mapping
 E - 2 scrolls of fog
 L - a scroll of holy word
Potions
 e - a potion of mutation
 h - a potion of resistance
 j - 10 potions of flight
 o - 5 potions of haste
 w - 3 potions of curing
 A - 4 potions of brilliance
 G - a potion of cancellation
 T - 6 potions of ambrosia
 X - a potion of invisibility
Miscellaneous
 O - a phial of floods (inert)
Comestibles
 c - 29 rations


   Skills:
 - Level 10.8(8.2) Fighting
 * Level 17.9(14.9) Armour
 - Level 10.4(7.8) Dodging
 - Level 1.7(0.0) Stealth
 - Level 4.8(2.6) Shields
 + Level 17.6(14.6) Spellcasting
 * Level 19.4(16.3) Conjurations
 - Level 3.0(0.9) Charms
 - Level 6.0(3.7) Necromancy
 - Level 7.0(4.6) Translocations
 - Level 5.0(2.7) Transmutations
 + Level 22.4(19.1) Fire Magic


You had 13 spell levels left.
You knew the following spells:

 Your Spells              Type           Power        Failure   Level  Hunger
a - Flame Tongue          Conj/Fire      #####        0%          1    None
b - Blink                 Tloc           N/A          1%          2    None
c - Conjure Flame         Conj/Fire      ########     0%          3    None
d - Orb of Destruction    Conj           #######...   5%          7    #####..
e - Fireball              Conj/Fire      ########..   1%          5    None
f - Force Lance           Conj/Tloc      #######.     1%          4    None
g - Apportation           Tloc           ######       1%          1    None
i - Inner Flame           Hex/Fire       #######.     1%          3    None
l - Sublimation of Blood  Necr           #####.....   1%          2    None
p - Ignite Poison         Fire/Tmut/Pois #######.     1%          3    None
r - Regeneration          Chrm/Necr      #####.....   6%          3    None
s - Sticky Flame          Conj/Fire      ########     1%          4    None
t - Throw Flame           Conj/Fire      ######       0%          2    None
x - Irradiate             Conj/Tmut      ######....   3%          5    None


Dungeon Overview and Level Annotations

Branches:
Dungeon (15/15)            Temple (1/1) D:5            Lair (6/6) D:8
  Swamp (4/4) Lair:3        Snake (4/4) Lair:4        Slime (5/5) Lair:6
    Orc (2/2) D:12            Elf (3/3) Orc:2        Vaults (5/5) D:13
  Crypt (0/3) Vaults:2     Depths (5/5) D:15            Zot (0/5) Depths:5

Shops:
D:4 %   D:10 }   Orc:1 (   Orc:2 (*%[   Snake:2 }   Vaults:1 [

Portals:
Hell: Depths:1 Depths:2 Depths:3 Depths:4 Depths:5
Abyss: Depths:2 Depths:4
Pandemonium: Depths:1 Depths:3
Ziggurat: Depths:5
Trove: D:14 (show abyssal rune of Zot)

Annotations:
Slime:5 Royal Jelly
Vaults:5 Mennas


Innate Abilities, Weirdness & Mutations

You have an increased reservoir of magic. (+10% MP)
Your body sometimes deteriorates upon taking damage.
You are very frail. (-20% HP)
Your system is resistant to poisons. (rPois)
Potions are less effective at restoring your health.


Message History

The yaktaur captain shoots a bolt.
The bolt hits you but does no damage.
Found a bolt.
A yaktaur captain and 2 titans come into view.
The titan completely misses you.
A soldier ant comes into view.
The yaktaur captain shoots a bolt.
The bolt hits you!!
* * * LOW HITPOINT WARNING * * *
Your body deteriorates!
You feel clumsy.
You see here a bolt.
Okay, then.
A fire giant comes into view.
It is wielding a great sword of flaming.
An ogre and an ironheart preserver come into view.
The ironheart preserver is wielding a dire flail of crushing.
The ogre shouts!
You hear a shout! x3
The titan casts a spell at you. The bolt of lightning hits you! You resist.
* * * LOW HITPOINT WARNING * * *
The fire giant casts a spell at you. The bolt of fire hits you! You resist.
You die...

#.. ##...###....# ....
##.....##....#
.....#(......#....#
...a.........##....#
.........(..###....#.
.....C.c...C.##[.C..#.#.
..#...#...#...#....#.#.# .
##.###.###..........#.
################@.......#.#
(.....).%...)).............
.(...(..%...))).)..<<......
(....A..(....)))))<..<.....
........%....).))))<<......
################))......###
...)...........
##.p.#....#O... ...p.#....#
p..


You could see an ironheart preserver, a titan, a fire giant and an ogre.

Vanquished Creatures
  Mara (Snake:3)
  Boris (Depths:4)
  the Lernaean hydra (Swamp:4)
  3 caustic shrikes (Depths:2)
  Nikola (Swamp:1)
  Jory (Depths:3)
  3 golden dragons
  4 bone dragons
  the Enchantress (D:15)
  2 liches
  7 tentacled monstrosities
  3 deep elf blademasters (Elf:3)
  3 titans
  The ghost of Dommiel19 the Warrior, an adept GrBe of Trog (Depths:2)
  2 deep elf master archers (Elf:3)
  A quicksilver dragon (Depths:3)
  16 acid blobs
  Gastronok (D:10)
  Frances (Swamp:1)
  3 sphinxes
  7 tengu reavers
  Agnes (D:15)
  A storm dragon (Depths:5)
  5 tentacled starspawn
  A thorn hunter (Swamp:2)
  2 shadow dragons (Vaults:5)
  Donald (Swamp:4)
  A daeva (Abyss:2)
  A revenant (Abyss:2)
  7 nagarajas
  18 frost giants
  5 deep elf sorcerers
  10 fire giants
  Aizul (Snake:1)
  5 vault wardens
  3 iron dragons
  A draconian shifter (Depths:5)
  Louise (D:14)
  2 balrugs
  7 azure jellies
  A curse skull (Vaults:2)
  An entropy weaver (Vaults:4)
  32 very ugly things
  2 draconian annihilators (Depths:5)
  4 deep elf elementalists
  5 spriggan defenders
  10 ironheart preservers
  10 stone giants
  2 vampire knights (Depths:4)
  5 deep elf demonologists (Elf:3)
  Azrael (D:15)
  A red draconian (Depths:5)
  3 purple draconians
  7 deep elf annihilators
  6 dire elephants (Lair:6)
  13 spark wasps
  A yellow draconian (Depths:5)
  A minotaur (shapeshifter) (Elf:3)
  2 green deaths
  A blizzard demon (WizLab)
  17 ettins
  A death ooze (Slime:4)
  8 deep elf death magi
  12 fire dragons
  13 yaktaur captains
  10 deep elf high priests
  The ghost of Grandwhale the Basher, a journeyman MiBe of Trog (Orc:2)
  The ghost of Thargor the Protected, a journeyman MiFi of Makhleb (D:10)
  Fannar (D:10)
  12 hydras
  13 great orbs of eyes
  30 vault guards
  16 naga warriors
  15 ice dragons
  A hell beast (D:15)
  2 ghost crabs
  5 rakshasas
  6 spriggan air magi
  58 two-headed ogres
  25 anacondas
  19 ogre magi
  2 death knights
  10 centaur warriors
  5 spriggan berserkers
  13 alligators
  12 deep troll earth magi
  12 tengu warriors
  A queen ant (Lair:2)
  2 orc high priests
  8 death yaks
  4 thrashing horrors
  Nergalle (D:12)
  3 vampire magi
  13 deep troll shamans
  15 dancing weapons
  2 hell hogs (Abyss:1)
  18 naga sharpshooters
  9 shock serpents
  2 soul eaters (Depths:3)
  28 deep elf knights
  5 wretched stars
  3 sun demons
  3 hell knights
  2 salamander mystics
  A storm dragon skeleton (Vaults:3)
  5 sixfirhies
  A spatial maelstrom (Abyss:1)
  26 deep trolls
  2 sea snakes (Snake:1)
  5 unseen horrors
  2 shadow wraiths (Vaults:4)
  An orange crystal statue (Depths:4)
  7 iron trolls
  11 naga ritualists
  2 spriggan druids (Swamp:4)
  7 swamp dragons
  2 anaconda zombies (Abyss:1)
  20 deep elf archers
  16 starcursed masses
  A sea snake (shapeshifter) (Vaults:4)
  2 flayed ghosts
  9 glowing orange brains
  7 wizards
  Pikel (D:6)
  A phantasmal warrior (Vaults:5)
  4 shambling mangroves
  11 orc knights
  3 harpies (Vaults:2)
  8 necromancers
  An orb spider (Abyss:1)
  14 large abominations
  10 ironbrand convokers
  A wolf spider zombie (D:15)
  6 shining eyes
  An orb spider (shapeshifter) (Vaults:4)
  58 ugly things
  A wolf spider (Vaults:5)
  54 deep elf magi
  11 mana vipers
  The ghost of Evaline the Insei, a novice DsTm of Okawaru (D:8)
  2 oklob plants
  A manticore (D:14)
  5 orc sorcerers
  7 cyclopes
  11 salamanders
  2 stone giant zombies
  The ghost of Kohma the Ogre Mage, a novice OgFE of Kikubaaqudgha (D:6)
  4 worldbinders
  A black mamba (shapeshifter) (Vaults:3)
  A water nymph (shapeshifter) (Depths:4)
  2 stone giant skeletons
  An apocalypse crab (Abyss:1)
  10 vault sentinels
  45 black mambas
  Maurice (D:11)
  An elephant (shapeshifter) (Vaults:3)
  4 elephants (Lair:6)
  A moth of wrath (shapeshifter) (Vaults:2)
  An ice statue (IceCv)
  4 orange demons
  4 molten gargoyles (D:13)
  16 guardian serpents
  20 naga magi
  A storm dragon simulacrum (Abyss:1)
  14 spiny frogs
  An eye of devastation (Slime:4)
  3 smoke demons
  2 centaur skeletons (D:14)
  A demonspawn skeleton (WizLab)
  9 komodo dragons
  A human zombie (Vaults:3)
  A komodo dragon (shapeshifter) (D:13)
  30 yaktaurs
  6 freezing wraiths
  4 kobold demonologists
  2 rime drakes
  2 yaktaur zombies (Vaults:1)
  2 hellwings (Abyss:1)
  6 ancient zymes
  5 tengu conjurers
  2 efreet
  The ghost of Tali the Chopper, an amateur MiFi (D:5)
  15 polar bears
  4 trolls
  A jumping spider (shapeshifter) (Depths:5)
  3 meliai (D:15)
  4 tyrant leeches
  10 raiju
  A hornet (shapeshifter) (Vaults:1)
  Grinder (D:5)
  A raiju (shapeshifter) (Elf:2)
  17 hornets
  A sphinx simulacrum (Vaults:3)
  87 slime creatures
  2 blink frogs (shapeshifter)
  29 blink frogs
  An ice dragon zombie (Abyss:1)
  15 hippogriffs
  6 dream sheep (Lair:6)
  2 hippogriffs (shapeshifter)
  Sigmund (D:6)
  14 bog bodies
  2 redbacks
  60 yaks
  A spriggan (shapeshifter) (Vaults:2)
  7 spriggans
  5 shadows
  10 air elementals
  2 water elementals (Depths:5)
  2 wraiths
  4 ynoxinuls
  An ice dragon skeleton (Abyss:1)
  4 wyverns
  4 basilisks
  4 fire bats (Abyss:1)
  A yak (shapeshifter) (D:14)
  18 humans (D:13)
  A human simulacrum (Vaults:1)
  A human (shapeshifter) (Vaults:2)
  8 fire elementals
  15 golden eyes
  11 vampire mosquitoes
  6 chaos spawn
  2 neqoxecs (Abyss:1)
  A warg (Elf:3)
  4 spatial vortices (WizLab)
  4 hungry ghosts
  A swamp worm (shapeshifter) (Vaults:4)
  The ghost of Fymir27 the Charmwright, an amateur HaSk of Wu Jian (D:4)
  2 acid dragons
  Edmund (D:6)
  22 swamp worms
  68 nagas
  8 insubstantial wisps
  7 soldier ants
  17 water moccasins
  A floating eye (Depths:2)
  11 porcupines
  A swamp drake (shapeshifter) (Depths:1)
  An ogre skeleton (Vaults:1)
  2 hell hounds
  3 ice beasts
  A slave (D:6)
  14 swamp drakes
  34 orc warriors
  2 sky beasts
  A black bear (D:11)
  2 eyes of draining
  A sky beast (shapeshifter) (Vaults:4)
  59 ogres
  5 phantoms
  29 wolves
  17 boggarts
  2 necrophages (D:11)
  A boggart (shapeshifter) (D:15)
  24 centaurs
  15 crocodiles
  4 big kobolds
  18 small abominations
  7 elf zombies (Elf:1)
  A bullfrog (shapeshifter) (Abyss:1)
  25 bullfrogs
  A yaktaur skeleton (WizLab)
  4 wyvern zombies
  4 earth elementals
  6 scorpions
  5 killer bees (D:10)
  17 wights
  3 howler monkeys
  4 electric eels
  The ghost of Evaline the Covered, a weakling GrFi (D:3)
  7 crimson imps
  3 bullfrog zombies
  7 quasits
  2 centaur zombies
  5 hounds
  6 jellies
  A jelly (shapeshifter) (Depths:4)
  19 orc priests
  An iron imp (Depths:4)
  5 iguanas
  37 orc wizards
  32 worker ants
  A hound zombie (D:11)
  2 mummies (D:11)
  A howler monkey zombie (D:10)
  4 worker ant zombies
  7 gnolls
  2 howler monkey skeletons
  23 adders
  5 shadow imps
  16 white imps
  2 ufetubi
  2 adder skeletons
  An adder zombie (D:6)
  A worm (D:5)
  4 dart slugs
  8 leopard geckos
  98 orcs
  3 bats
  2 giant cockroaches (D:3)
  9 goblins
  6 hobgoblins
  20 jackals
  20 kobolds
  9 quokkas
  6 ball pythons
  A ball python skeleton (D:5)
  4 frilled lizards
  2 jackal skeletons (D:8)
  2 leopard gecko zombies (D:7)
  A quokka skeleton (D:7)
  10 rats
  6 bushes (Lair:2)
  2 fungi
  A lurking horror (WizLab)
  4 plants (Lair:6)
  10 starspawn tentacles (Abyss:1)
2500 creatures vanquished.

Vanquished Creatures (collateral kills)
  Bai Suzhen (D:15)
  Vashnia (Snake:2)
  A sphinx (Vaults:3)
  An azure jelly (Slime:3)
  2 vault wardens
  2 ugly things (Vaults:3)
  A yaktaur (Vaults:4)
  A freezing wraith (WizLab)
  4 slime creatures
  An orc (D:6)
15 creatures vanquished.

Vanquished Creatures (others)
  A vault warden (Vaults:4)
  2 stone giants
  6 yaktaur captains
  A spriggan air mage (Depths:3)
  3 centaur warriors
  A deep elf knight (Elf:1)
  3 naga sharpshooters (Snake:4)
  A deep troll (Depths:3)
  2 deep elf archers
  A komodo dragon (Lair:6)
  6 yaktaurs
  2 polar bears (IceCv)
  3 blink frogs
  A yak (IceCv)
  A fire bat (shapeshifter) (Abyss:2)
  A large abomination (Abyss:1)
  2 orc warriors (Orc:2)
  2 slaves (D:6)
  2 wolves (IceCv)
  2 centaurs
  A scorpion (D:6)
  A crimson imp (D:6)
  A quasit (Depths:3)
  A jelly (D:6)
  An orc (Vaults:3)
  9 fungi
  63 plants
  9 starspawn tentacles (Abyss:1)
129 creatures vanquished.

Grand Total: 2644 creatures vanquished

Notes
Turn   | Place    | Note
-------+----------+-------------------------------------------
     0 | D:1      | RepoMan the Demigod Fire Elementalist began the quest for the Orb.
     0 | D:1      | Reached XP level 1. HP: 14/14 MP: 5/5
   136 | D:1      | Reached skill level 1 in Conjurations
   418 | D:1      | Reached skill level 3 in Fire Magic
   527 | D:1      | Reached XP level 2. HP: 20/20 MP: 7/7
   539 | D:1      | Learned a level 2 spell: Throw Flame
  1169 | D:2      | Reached XP level 3. HP: 26/26 MP: 6/8
  1179 | D:2      | Learned a level 3 spell: Conjure Flame
  1564 | D:2      | Reached XP level 4. HP: 33/33 MP: 5/10
  1708 | D:1      | Reached skill level 4 in Fire Magic
  2534 | D:3      | Noticed Evaline's ghost (weakling GrFi)
  2644 | D:3      | Reached XP level 5. HP: 38/38 MP: 6/11
  2652 | D:3      | Learned a level 3 spell: Inner Flame
  3081 | D:3      | Found a deep blue altar of Sif Muna.
  3392 | D:4      | Found Mesucatt's Food Shoppe.
  3438 | D:4      | Noticed an ogre
  3451 | D:4      | Killed an ogre
  3798 | D:4      | Reached XP level 6. HP: 45/45 MP: 10/13
  3842 | D:4      | Noticed Fymir27's ghost (amateur HaSk)
  3919 | D:3      | Learned a level 2 spell: Sticks to Snakes
  4469 | D:4      | Reached skill level 5 in Fire Magic
  4688 | D:4      | Killed Fymir27's ghost
  5352 | D:5      | Entered Level 5 of the Dungeon
  5385 | D:5      | Noticed Grinder
  5385 | D:5      | Paralysed by Grinder for 3 turns
  5731 | D:5      | Reached XP level 7. HP: 50/50 MP: 10/15
  5855 | D:5      | Noticed Tali's ghost (amateur MiFi)
  5864 | D:5      | Killed Tali's ghost
  5864 | D:5      | Reached skill level 6 in Fire Magic
  6189 | D:5      | Found a basalt altar of Yredelemnul.
  6194 | D:5      | Noticed a profane servitor
  6201 | D:5      | Found a glowing golden altar of the Shining One.
  6203 | D:5      | Noticed an angel
  6333 | D:5      | Killed Grinder
  6333 | D:5      | Reached XP level 8. HP: 39/57 MP: 3/18
  6523 | D:5      | Reached skill level 7 in Fire Magic
  6710 | D:5      | Found a staircase to the Ecumenical Temple.
  6737 | Temple   | Entered the Ecumenical Temple
  6956 | D:6      | Noticed Kohma's ghost (novice OgFE)
  6960 | D:6      | Killed Kohma's ghost
  6960 | D:6      | Reached skill level 5 in Spellcasting
  6960 | D:6      | Reached skill level 5 in Conjurations
  6960 | D:6      | Reached skill level 8 in Fire Magic
  7201 | D:5      | Learned a level 4 spell: Sticky Flame
  7716 | D:6      | Reached XP level 9. HP: 62/62 MP: 15/20
  8102 | D:6      | Found a glowing silver altar of Zin.
  8105 | D:6      | Found an opulent altar of Gozag.
  8141 | D:6      | Paralysed by an orc for 2 turns
  8149 | D:6      | Got a brightly glowing hand axe {elec}
  8161 | D:6      | Identified the +6 hand axe of Gluttony {elec, +Inv Str+6} (You took it off an orc on level 6 of the Dungeon)
  8219 | D:6      | Noticed Pikel
  8226 | D:6      | Killed Pikel
  8226 | D:6      | Reached skill level 9 in Fire Magic
  8337 | D:6      | Learned a level 5 spell: Fireball
  8340 | D:6      | Noticed Sigmund
  8344 | D:6      | Noticed Edmund
  8559 | D:6      | Killed Edmund
  8627 | D:6      | Killed Sigmund
  9470 | D:7      | Found a bloodstained altar of Trog.
  9474 | D:7      | Found a snail-covered altar of Cheibriados.
  9476 | D:7      | Found an ornate altar of the Wu Jian Council.
  9550 | D:7      | Reached skill level 10 in Fire Magic
 10294 | D:8      | Noticed Evaline's ghost (novice DsTm)
 10552 | D:8      | Reached XP level 10. HP: 69/69 MP: 13/23
 10553 | D:8      | Noticed a death yak
 10561 | D:8      | Noticed a death yak
 10561 | D:8      | Noticed a death yak
 10561 | D:8      | Killed a death yak
 10835 | D:8      | Found a staircase to the Lair.
 10861 | Lair:1   | Entered Level 1 of the Lair of Beasts
 11395 | Lair:1   | Reached skill level 11 in Fire Magic
 11983 | Lair:2   | Noticed a four-headed hydra
 12432 | Lair:1   | Reached XP level 11. HP: 67/74 MP: 23/26
 12880 | Lair:2   | Killed a four-headed hydra
 12880 | Lair:2   | Reached skill level 12 in Fire Magic
 12982 | Lair:2   | Learned a level 4 spell: Force Lance
 13173 | Lair:2   | Reached skill level 1 in Translocations
 13756 | Lair:2   | Noticed a queen ant
 14265 | Lair:2   | Killed a queen ant
 14939 | Lair:2   | Identified a scroll of acquirement
 15001 | Lair:3   | Found a staircase to the Swamp.
 15168 | Lair:3   | Learned a level 2 spell: Blink
 15360 | Lair:3   | Reached skill level 1 in Shields
 16327 | Lair:4   | Reached XP level 12. HP: 33/82 MP: 12/29
 16738 | Lair:4   | Reached skill level 1 in Fighting
 16881 | Lair:4   | Found a staircase to the Snake Pit.
 17554 | Lair:5   | Reached skill level 13 in Fire Magic
 18062 | Lair:5   | Noticed a five-headed hydra
 18112 | Lair:5   | Killed a five-headed hydra
 20066 | D:8      | Found an iron altar of Okawaru.
 20078 | D:8      | Found a hazy altar of Hepliaklqana.
 20082 | D:8      | Found a white marble altar of Elyvilon.
 20314 | D:9      | Found an ancient bone altar of Kikubaaqudgha.
 20632 | D:9      | Found a sparkling altar of Nemelex Xobeh.
 20821 | D:10     | Entered Level 10 of the Dungeon
 20838 | D:10     | Noticed Fannar
 20845 | D:10     | Killed Fannar
 21017 | D:10     | Noticed Thargor's ghost (journeyman MiFi)
 21036 | D:10     | Killed Thargor's ghost
 21584 | D:10     | Noticed Gastronok
 21597 | D:10     | Killed Gastronok
 21597 | D:10     | Reached XP level 13. HP: 94/94 MP: 20/30
 21820 | D:10     | Found Joeczufu's Gadget Emporium.
 21844 | D:10     | Found an ancient bone altar of Kikubaaqudgha.
 22218 | D:11     | Reached skill level 10 in Conjurations
 22665 | D:11     | Noticed Maurice
 22672 | D:11     | Killed Maurice
 23845 | D:12     | Reached skill level 14 in Fire Magic
 24228 | D:12     | Reached skill level 5 in Dodging
 24549 | D:12     | Found a staircase to the Orcish Mines.
 24572 | D:12     | Noticed Nergalle
 24588 | D:12     | Killed Nergalle
 24939 | Orc:1    | Entered Level 1 of the Orcish Mines
 25287 | Orc:1    | Found a bloodstained altar of Trog.
 25495 | Orc:1    | Found Doclin's Weapon Boutique.
 25602 | Orc:2    | Entered Level 2 of the Orcish Mines
 25602 | Orc:2    | Found a staircase to the Elven Halls.
 25736 | Orc:2    | Found a roughly hewn altar of Beogh.
 25739 | Orc:2    | Reached skill level 5 in Fighting
 25749 | Orc:2    | Noticed Grandwhale's ghost (journeyman MiBe)
 25762 | Orc:2    | Killed Grandwhale's ghost
 26743 | Orc:2    | Reached XP level 14. HP: 107/107 MP: 6/32
 26928 | Orc:2    | Reached skill level 10 in Spellcasting
 27190 | Orc:2    | Found Xecriyt's Armour Shop.
 27190 | Orc:2    | Found Ajekiovvao's Assorted Antiques.
 27190 | Orc:2    | Found Soom's Food Emporium.
 27190 | Orc:2    | Found Tepteit's Antique Weapon Boutique.
 27242 | Orc:2    | Bought a scroll of identify for 52 gold pieces
 27244 | Orc:2    | Bought a runed scarf for 208 gold pieces
 28621 | D:13     | Reached skill level 15 in Fire Magic
 28651 | D:13     | Got a warped helmet
 28662 | D:13     | Identified the +0 helmet of Duty {*Contam +Inv Int+2} (You found it on level 13 of the Dungeon)
 29705 | D:13     | Found a gate to the Vaults.
 30269 | D:14     | Noticed Louise
 30292 | D:14     | Killed Louise
 30607 | D:14     | Found a shimmering altar of Xom.
 30793 | D:14     | Found a portal to a secret trove of treasure.
 31154 | D:15     | Entered Level 15 of the Dungeon
 31171 | D:15     | Found a frozen archway.
 31176 | D:15     | Noticed Azrael
 31597 | IceCv    | Entered an ice cave
 31880 | IceCv    | Reached XP level 15. HP: 118/118 MP: 34/34
 32861 | IceCv    | Got an iridescent spear
 32970 | D:15     | Reached skill level 16 in Fire Magic
 33219 | D:15     | Noticed Agnes
 33226 | D:15     | Killed Agnes
 33672 | D:15     | Found a staircase to the Depths.
 34800 | D:15     | Killed Azrael
 35053 | Lair:2   | Identified the +6 spear of Change {flame, Int+6} (You found it in an ice cave)
 35417 | D:8      | Killed Evaline's ghost
 35700 | D:3      | Killed Evaline's ghost
 35922 | Elf:1    | Entered Level 1 of the Elven Halls
 36274 | Snake:1  | Entered Level 1 of the Snake Pit
 38577 | Snake:2  | Noticed Vashnia
 38711 | Snake:2  | Reached XP level 16. HP: 85/128 MP: 16/36
 38714 | Snake:2  | Reached skill level 17 in Fire Magic
 39550 | Lair:6   | Entered Level 6 of the Lair of Beasts
 39968 | Lair:6   | Found a staircase to the Slime Pits.
 41543 | Lair:6   | Learned a level 5 spell: Irradiate
 41547 | Lair:6   | Learned a level 3 spell: Ignite Poison
 42228 | Lair:6   | Learned a level 2 spell: Sublimation of Blood
 42361 | Swamp:1  | Entered Level 1 of the Swamp
 42367 | Swamp:1  | Noticed Frances
 42375 | Swamp:1  | Killed Frances
 42846 | Swamp:1  | Noticed Nikola
 43341 | Orc:2    | Bought a scroll of blinking for 195 gold pieces
 43341 | Orc:2    | Bought a potion of heal wounds for 130 gold pieces
 43341 | Orc:2    | Bought a potion of resistance for 260 gold pieces
 43597 | Swamp:1  | Killed Nikola
 43903 | Swamp:1  | Got a dazzling war axe
 47041 | Swamp:4  | Entered Level 4 of the Swamp
 47061 | Swamp:4  | Noticed Donald
 47063 | Swamp:4  | Killed Donald
 47817 | Swamp:4  | Reached XP level 17. HP: 138/138 MP: 27/38
 48006 | Swamp:4  | Reached skill level 18 in Fire Magic
 48689 | Swamp:4  | Noticed the 27-headed Lernaean hydra
 48693 | Swamp:4  | Killed the 27-headed Lernaean hydra
 48988 | Swamp:4  | Got a decaying rune of Zot
 49438 | Lair:2   | Identified the +6 war axe "Bosa" {flame, Str+2} (You found it on level 1 of the Swamp)
 50936 | Elf:1    | Got a tattered robe
 50937 | Elf:1    | Identified the +2 robe of Free Expression {Int-5 Dex+8} (You found it on level 1 of the Elven Halls)
 51102 | Elf:1    | Identified the Collected Works on Sinister Magic
 51274 | Elf:1    | Reached skill level 10 in Fighting
 51584 | Elf:1    | Reached skill level 10 in Dodging
 51904 | Elf:2    | Found a magical portal.
 51919 | WizLab   | Entered The Roulette of Golubria
 51919 | WizLab   | Found a transporter.
 51923 | WizLab   | Found a corrupted altar of Lugonu.
 51924 | WizLab   | Found the +1 cloak of Starlight {rElec rC+ EV+4 Stlth--}
 52117 | WizLab   | Found a transporter.
 52329 | WizLab   | Found a transporter.
 52457 | WizLab   | Found a transporter.
 52492 | WizLab   | Found a transporter.
 52566 | WizLab   | Found a transporter.
 52602 | WizLab   | Found a transporter.
 52603 | WizLab   | Found a corrupted altar of Lugonu.
 52801 | WizLab   | Found a transporter.
 52801 | WizLab   | Found a transporter.
 52975 | WizLab   | Found a transporter.
 53093 | WizLab   | Found a transporter.
 53093 | WizLab   | Found a transporter.
 53333 | WizLab   | Found a transporter.
 53333 | WizLab   | Found a transporter.
 53477 | WizLab   | Found a transporter.
 53477 | WizLab   | Found a transporter.
 53525 | WizLab   | Found a transporter.
 53525 | WizLab   | Found a transporter.
 53541 | WizLab   | Identified Golubria's Catalogue of the Traveller
 53545 | WizLab   | Learned a level 1 spell: Apportation
 53794 | WizLab   | Found a transporter.
 53804 | WizLab   | Found a transporter.
 53806 | WizLab   | Got a jewelled cloak
 54179 | Lair:2   | Identified the +0 cloak of Pyos {rF+ SInv} (You found it in a wizard's laboratory)
 55802 | Elf:2    | Reached XP level 18. HP: 149/149 MP: 35/40
 55811 | Elf:2    | Found a huge runed gate.
 55811 | Elf:2    | Found a huge runed gate.
 55811 | Elf:2    | Found a huge runed gate.
 56783 | Snake:2  | Noticed Aizul
 57075 | Snake:1  | Killed Aizul
 57216 | Snake:2  | Reached skill level 1 in Armour
 57388 | Snake:2  | Killed Vashnia
 57650 | Snake:2  | Found Kaem's Gadget Emporium.
 57819 | Snake:2  | Reached skill level 19 in Fire Magic
 58770 | Snake:3  | Got a smoking morningstar
 58771 | Snake:3  | Identified the +4 morningstar of Gallantry {antimagic, rElec rF+ Str+2} (You found it on level 3 of the Snake Pit)
 59348 | Snake:3  | Noticed Mara
 59357 | Snake:3  | Noticed RepoMan's illusion
 59398 | Snake:3  | Killed Mara
 59398 | Snake:3  | Reached skill level 1 in Necromancy
 60420 | Snake:4  | Entered Level 4 of the Snake Pit
 62794 | Snake:4  | Reached XP level 19. HP: 149/156 MP: 8/42
 63017 | Snake:4  | Found a runed door.
 63027 | Snake:4  | Reached skill level 5 in Armour
 64337 | Snake:4  | Reached skill level 20 in Fire Magic
 64460 | Snake:4  | Got a serpentine rune of Zot
 64891 | Vaults:1 | Entered Level 1 of the Vaults
 65083 | Vaults:1 | Found Peghejest's Armour Shop.
 67053 | Vaults:2 | Reached skill level 15 in Conjurations
 68950 | Vaults:2 | Found a staircase to the Crypt.
 69898 | Vaults:3 | Reached XP level 20. HP: 140/163 MP: 10/44
 69916 | Vaults:3 | Found a flickering gateway to a bazaar.
 69927 | Bazaar   | Entered a bazaar
 69931 | Bazaar   | Found Rofasuti's Jewellery Boutique.
 69949 | Bazaar   | Found Dick's Antique Weapon Emporium.
 69966 | Bazaar   | Found Viawn's Assorted Antiques.
 69983 | Bazaar   | Found Seulateu's Jewellery Shoppe.
 70005 | Bazaar   | Bought an uncursed ring of resist corrosion for 240 gold pieces
 70005 | Bazaar   | Bought a cursed amulet of inaccuracy for 24 gold pieces
 70036 | Bazaar   | Bought a scroll of identify for 48 gold pieces
 70036 | Bazaar   | Bought a shiny helmet for 180 gold pieces
 70036 | Bazaar   | Bought a diamond ring for 120 gold pieces
 70036 | Bazaar   | Bought a scroll of teleportation for 72 gold pieces
 71103 | Vaults:2 | Cast into level 2 of the Abyss (a wizard)
 71116 | Abyss:2  | Found a corrupted altar of Lugonu.
 71239 | Abyss:2  | Found a corrupted altar of Lugonu.
 71753 | Abyss:3  | Reached skill level 21 in Fire Magic
 71858 | Abyss:3  | Gained mutation: You are frail. (-10% HP) [a neqoxec]
 71864 | Vaults:2 | Escaped the Abyss
 76272 | Vaults:4 | Reached XP level 21. HP: 93/153 MP: 9/45
 78292 | Elf:3    | Entered Level 3 of the Elven Halls
 78469 | Elf:3    | Reached skill level 10 in Armour
 78479 | Elf:3    | Reached skill level 1 in Transmutations
 78726 | Elf:3    | Reached skill level 15 in Spellcasting
 79636 | Elf:3    | Reached skill level 5 in Translocations
 79836 | Elf:3    | Got a slimy battleaxe {flame}
 79839 | Elf:3    | Identified the +9 battleaxe "Undertaker" {flame, +Fly rPois rN+ Int-5} (You took it off a deep elf demonologist on level 3 of the Elven Halls)
 80140 | Elf:3    | Got a transparent war axe {drain}
 80164 | Elf:3    | Identified the +6 war axe of Icuhemom {drain, rC+ Dex+4} (You took it off a deep elf demonologist on level 3 of the Elven Halls)
 80244 | Elf:3    | Got a shimmering bronze amulet
 80313 | Elf:3    | Learned a level 7 spell: Orb of Destruction
 80323 | Elf:3    | Got a dazzling battleaxe
 80330 | Elf:3    | Identified the cursed +2 battleaxe of Bloodstone {chop, rF- rC++ Stlth+} (You found it on level 3 of the Elven Halls)
 80332 | Elf:3    | Identified the amulet "Doilliru" {Spirit rN+ MR+} (You found it on level 3 of the Elven Halls)
 80975 | Depths:1 | Entered Level 1 of the Depths
 80978 | Depths:1 | Noticed Bai Suzhen
 80983 | Depths:1 | Noticed the Enchantress
 81025 | D:15     | Killed Bai Suzhen
 81256 | D:15     | Killed the Enchantress
 81259 | D:15     | Got faerie dragon scales
 81271 | D:15     | Identified the +1 faerie dragon scales {rElec rPois rC+ rCorr Str+3} (You took it off the Enchantress on level 15 of the Dungeon)
 82966 | Depths:1 | Noticed a golden dragon
 82997 | Depths:1 | Reached XP level 22. HP: 134/159 MP: 15/47
 83350 | Depths:1 | Reached skill level 5 in Necromancy
 83471 | Depths:1 | Found a one-way gate leading to the halls of Pandemonium.
 83910 | Depths:1 | Reached skill level 5 in Transmutations
 83971 | Depths:1 | Found a gateway to Hell.
 85405 | Depths:2 | Noticed a caustic shrike
 85407 | Depths:2 | Noticed a caustic shrike
 85411 | Depths:2 | Noticed a caustic shrike
 85417 | Depths:2 | Killed a caustic shrike
 85418 | Depths:2 | Paralysed by a floating eye for 3 turns
 85421 | Depths:2 | Killed a caustic shrike
 85421 | Depths:2 | Killed a caustic shrike
 85812 | Depths:2 | Noticed Dommiel19's ghost (adept GrBe)
 85823 | Depths:2 | Killed Dommiel19's ghost
 85973 | Depths:2 | Got a scorched shield
 86301 | Depths:2 | Identified the +6 shield "Rowetoamn" {rElec rPois MR+} (You found it on level 2 of the Depths)
 86508 | Depths:2 | Found a one-way gate to the infinite horrors of the Abyss.
 89143 | Depths:3 | Identified the Almanac of Air
 89382 | Depths:3 | Noticed Jory
 89390 | Depths:3 | Killed Jory
 90119 | Depths:3 | Reached XP level 23. HP: 164/164 MP: 23/49
 91810 | Depths:4 | Noticed Boris
 91814 | Depths:4 | Killed Boris
 91986 | Depths:4 | Got a crude large shield
 91987 | Depths:4 | Identified the +5 large shield "Qeaq" {rElec} (You found it on level 4 of the Depths)
 92036 | Depths:4 | Reached skill level 15 in Armour
 93891 | Depths:4 | Got an ancient glass ring
 93892 | Depths:4 | Identified the ring of Woorghuo {*Tele rN+} (You took it off a deep elf sorcerer on level 4 of the Depths)
 95767 | Depths:4 | Got an ichor-stained leather armour
 95768 | Depths:4 | Identified the cursed +0 leather armour of Surprise {rC+ Str-5 Int+4} (You took it off a deep elf high priest on level 4 of the Depths)
 96603 | Depths:5 | Entered Level 5 of the Depths
 98231 | Depths:5 | Reached skill level 22 in Fire Magic
 98413 | Depths:5 | Found a gateway to a ziggurat.
 98868 | Depths:4 | Reached XP level 24. HP: 91/171 MP: 1/50
 99444 | Depths:5 | Found a gate to the Realm of Zot.
100554 | Depths:2 | Voluntarily entered the Abyss.
101623 | Abyss:1  | Found a corrupted altar of Lugonu.
101636 | Abyss:1  | Gained mutation: Your body sometimes deteriorates upon taking damage. [a neqoxec]
102567 | Depths:2 | Escaped the Abyss
102836 | Depths:2 | Learned a level 3 spell: Regeneration
103243 | Slime:1  | Entered Level 1 of the Pits of Slime
103493 | Slime:3  | Reached skill level 1 in Charms
103798 | Slime:2  | Gained mutation: You are occasionally teleported next to monsters. [a shining eye]
103843 | Slime:2  | Gained mutation: You are very frail. (-20% HP) [a shining eye]
104215 | Lair:2   | Lost mutation: Your body sometimes deteriorates upon taking damage. [potion of mutation]
104215 | Lair:2   | Lost mutation: You are occasionally teleported next to monsters. [potion of mutation]
104215 | Lair:2   | Gained mutation: Potions are less effective at restoring your health. [potion of mutation]
104215 | Lair:2   | Gained mutation: Your system is resistant to poisons. (rPois) [potion of mutation]
104215 | Lair:2   | Gained mutation: Your mind is acute. (Int +2) [potion of mutation]
104819 | Slime:5  | Entered Level 5 of the Pits of Slime
105342 | Slime:5  | Gained mutation: Your body sometimes deteriorates upon taking damage. [a shining eye]
105346 | Slime:5  | Lost mutation: Your mind is acute. (Int +2) [a shining eye]
106097 | Slime:5  | Noticed the Royal Jelly
106836 | Vaults:5 | Entered Level 5 of the Vaults
107085 | Vaults:5 | Noticed Mennas
107105 | Vaults:5 | Killed from afar by a fire giant

Skill      XL: |  1  2  3  4  5  6  7  8  9 10 11 12 13 14 15 16 17 18 19 20 21 22 23 24 |
---------------+-------------------------------------------------------------------------+-----
Conjurations   | 1 2 3 4 5 6 8 9 10 11 12 13 14 15 16 17 18 19 | 19.4
Fire Magic     | 3 4 5 6 8 10 11 12 13 14 15 16 17 18 19 20 21 22 | 22.4
Spellcasting   | 2 3 4 5 6 7 8 9 10 11 12 13 14 15 16 17 | 17.6
Translocations | 3 6 7 |  7.0
Shields        | 2 4 |  4.8
Dodging        | 2 4 5 7 8 9 10 | 10.4
Fighting       | 3 5 7 8 9 10 | 10.8
Armour         | 4 7 9 11 14 16 17 | 17.9
Necromancy     | 3 4 5 6 |  6.0
Transmutations | 4 5 |  5.0
Charms         | 3 |  3.0
Stealth        | |  1.7

Action                   |  1- 3 |  4- 6 |  7- 9 | 10-12 | 13-15 | 16-18 | 19-21 | 22-24 || total
-------------------------+-------+-------+-------+-------+-------+-------+-------+-------++-------
Melee: Dagger            |     9 |    41 |    30 |       |       |       |       |       ||    80
       Hand axe          |       |       |    36 |   103 |       |       |       |       ||   139
       Staff             |       |       |       |    19 |    57 |       |       |       ||    76
       Spear             |       |       |       |       |    17 |   226 |   237 |   396 ||   876
Throw: Throwing net      |       |       |     2 |       |     1 |     2 |       |       ||     5
 Cast: Flame Tongue      |    54 |   118 |   163 |   146 |   347 |    94 |    28 |    20 ||   970
       Conjure Flame     |     1 |    13 |    19 |    26 |    48 |     9 |    13 |    10 ||   139
       Throw Flame       |       |     6 |    19 |    13 |    38 |    42 |       |       ||   118
       Inner Flame       |       |     5 |    13 |    11 |    18 |       |     4 |       ||    51
       Sticks to Snakes  |       |    17 |    15 |       |     6 |       |       |       ||    38
       Sticky Flame      |       |       |    17 |   140 |   129 |   179 |   169 |   189 ||   823
       Fireball          |       |       |     8 |    49 |   237 |   365 |   397 |   421 ||  1477
       Force Lance       |       |       |       |     3 |   124 |   250 |   246 |   206 ||   829
       Blink             |       |       |       |       |     7 |    13 |    15 |    41 ||    76
       Sublimation of Bl |       |       |       |       |       |     7 |    28 |    33 ||    68
       Irradiate         |       |       |       |       |       |     5 |    17 |    21 ||    43
       Apportation       |       |       |       |       |       |     6 |     5 |     7 ||    18
       Ignite Poison     |       |       |       |       |       |     2 |       |     1 ||     3
       Orb of Destructio |       |       |       |       |       |       |     2 |   142 ||   144
       Regeneration      |       |       |       |       |       |       |       |     1 ||     1
Evoke: Wand              |       |       |       |       |    34 |    32 |    58 |    14 ||   138
       Phial of floods   |       |       |       |       |     1 |     2 |     4 |     2 ||     9
  Use: Scroll            |       |    10 |     2 |    12 |    12 |    24 |    29 |    24 ||   113
       Potion            |       |     1 |       |     1 |     5 |    14 |    10 |    16 ||    47
 Stab: Sleeping          |     1 |       |       |     3 |     1 |       |       |       ||     5
       Held in net/web   |       |       |     1 |       |     1 |       |       |       ||     2
       Paralysed         |       |       |       |       |       |    22 |       |       ||    22
  Eat: Chunk             |     2 |     9 |    15 |    34 |    38 |    23 |    22 |    12 ||   155
       Ration            |       |     2 |     2 |     4 |    10 |    15 |    12 |    25 ||    70
Armor: Robe              |     1 |    19 |    23 |    59 |    35 |       |       |       ||   137
       Skin              |       |    13 |       |       |       |       |       |       ||    13
       Acid dragon scale |       |       |       |       |    39 |    54 |       |       ||    93
       Swamp dragon scal |       |       |       |       |       |    35 |   104 |       ||   139
       Ice dragon scales |       |       |       |       |       |       |    91 |   421 ||   512
Dodge: Dodged            |    14 |    52 |    81 |   146 |   216 |   357 |   487 |   698 ||  2051
Block: Buckler           |       |       |       |    61 |   196 |   361 |   479 |   683 ||  1780
       Other             |       |       |       |     2 |       |       |       |       ||     2
       Reflection        |       |       |       |     3 |    21 |    52 |    80 |    49 ||   205
